 Seeded DCSS version 0.27.1-3-gb3d3a73c9e (webtiles) character file.

Game seed: 54321234 (custom seed)

42 Woods the Skirmisher (level 3, -1/37 HPs)
             Began as a Ghoul Wanderer on Oct 13, 2021.
             Killed by divine providence
             ... invoked by an orc priest
              (11 damage)
             ... on level 3 of the Dungeon.
             The game lasted 00:02:31 (2299 turns).

Woods the Skirmisher (Ghoul Wanderer)               Turns: 2299, Time: 00:02:33

Health: -1/37      AC:  8    Str: 16    XL:     3   Next: 56%
Magic:  2/2        EV:  6    Int:  9    God:
Gold:   78         SH:  0    Dex:  6    Spells: 2/2 levels left

rFire    . . .     SeeInvis .   a - +2 spear
rCold    + . .     Faith    .   (no shield)
rNeg     + + +     Spirit   .   l - +0 chain mail
rPois    ∞         Reflect  .   (no helmet)
rElec    .         Harm     .   (no cloak)
rCorr    .         Rampage  .   (no gloves)
Will     .....                  (no boots)
Stlth    ..........             (no amulet)
HPRegen  0.00/turn              (no ring)
MPRegen  0.08/turn              (no ring)

@: inhibited regen
A: claws 1, cold resistance 1, negative energy resistance 3, inhibited
regeneration, torment resistance 2
a: no special abilities


You were on level 3 of the Dungeon.
You visited 1 branch of the dungeon, and saw 3 of its levels.

You collected 78 gold pieces.

Inventory:

Hand Weapons
 a - a +2 spear (weapon)
 b - a +0 hand axe
Armour
 d - a +0 robe
 l - a +0 chain mail (worn)
Jewellery
 n - a ring of wizardry
Scrolls
 c - 3 scrolls of teleportation
 e - 2 scrolls of noise {unknown}
 g - 2 scrolls of identify {unknown}
 i - a scroll of magic mapping {unknown}
 m - a scroll of amnesia {unknown}
Potions
 f - a potion of lignification {unknown}
 h - a potion of might {unknown}
 j - a potion of haste {unknown}
 k - a potion of flight {unknown}


   Skills:
 + Level 6.1 Fighting
 - Level 1.7 Armour
 - Level 1.0 Dodging
 - Level 1.1 Stealth
 + Level 2.2 Unarmed Combat
 - Level 1.0 Evocations


You had 2 spell levels left.
You didn't know any spells.
Your spell library was empty.

Dungeon Overview and Level Annotations

Branches:
Dungeon (3/15)

Altars:


Innate Abilities, Weirdness & Mutations

You thrive by killing the living.
You are immune to poison.
You have sharp fingernails.
Your flesh is cold resistant. (rC+)
You are immune to negative energy. (rN+++)
You do not regenerate when monsters are visible.
You are immune to unholy pain and torment.


Message History

The orc hits you but does no damage.
You barely miss the rat. The rat bites you but does no damage.
You closely miss the rat. The rat bites you but does no damage.
You hit the rat.
You kill the rat!
You feel better.
You hit the orc.
The orc is moderately wounded.
The orc priest mumbles some strange prayers to Beogh against you.
Beogh smites you! The orc hits you but does no damage.
You see here a rat corpse.
You closely miss the orc.
The orc is moderately wounded.
The orc barely misses you.
You barely miss the orc priest.
The orc priest hits you but does no damage.
The orc hits you but does no damage. The orc barely misses you.
The orc priest looks satisfied for a moment.
Your chain mail prevents you from hitting the orc priest.
The orc hits you but does no damage. x2
The orc priest hits you but does no damage.
You closely miss the orc priest. The orc closely misses you.
The orc hits you but does no damage.
The orc priest hits you but does no damage.
You hit the orc priest.
The orc priest is lightly wounded.
The orc barely misses you. The orc hits you but does no damage.
The orc priest hits you with a +0 club. The orc hits you but does no damage.
You hit the orc priest.
The orc priest is heavily wounded.
The orc closely misses you.
The orc priest begins to cast a cantrip, but forgets the words!
The orc hits you but does no damage.
You hit the orc priest but do no damage.
The orc priest is heavily wounded.
The orc hits you with a +0 trident!
* * * LOW HITPOINT WARNING * * *
The orc priest mumbles some strange prayers to Beogh against you.
Beogh smites you!
You die...

.⌠≈≈...... ≈≈⌠.......
....≈≈...# ..≈≈..≈..#
≈≈....≈..# .... ....≈≈...# ...
...≈≈...o#######..#
≈≈≈≈≈###o#........ . ≈≈≈
#.o@o####..# .. #
#####.#######.## ...
#...........#..# .... #
#....#...#.....# ....
##########....#.........##..#
...>....##....#.....#.#.<...#
........##......#.#.#.....###
........##......#.#.#..#....#
........##...####.#.#..#......#


You could see an orc priest and 3 orcs.

Vanquished Creatures
  A dart slug (D:3)
  4 endoplasms (D:1)
  3 giant cockroaches
  3 goblins (D:1)
  6 hobgoblins
  2 jackals (D:1)
  A kobold (D:3)
  2 quokkas
  5 ball pythons
  3 bats (D:1)
  3 frilled lizards
  A rat (D:3)
34 creatures vanquished.

Notes
Turn   | Place    | Note
-------+----------+-------------------------------------------
     0 | D:1      | Woods the Ghoul Wanderer began the quest for the Orb.
     0 | D:1      | Woods set off with the following items: a +2 spear, a +0
                  | hand axe, a scroll of teleportation, a +0 robe
     0 | D:1      | Reached XP level 1. HP: 23/23 MP: 0/0
   191 | D:1      | Reached skill level 1 in Unarmed Combat
   195 | D:1      | Reached XP level 2. HP: 18/30 MP: 1/1
   692 | D:1      | Reached XP level 3. HP: 37/37 MP: 2/2
   803 | D:1      | Reached skill level 6 in Fighting
  2237 | D:3      | Found a faded altar of an unknown god.
  2299 | D:3      | Killed from afar by an orc priest

Illustrated notes

Levels and vault maps discovered:
D:1:      elethiomel_arrival_fortress_basement, layout_basic
D:2:      layout_basic
D:3:      cheibrodos_helix_gallery, layout_basic, ebering_ecumenical_altar_webs

Skill      XL: |  1  2  3 |
---------------+----------+-----
Unarmed Combat | 1 2 |  2.2
Fighting       | 6 |  6.1
Armour         | |  1.7
Dodging        | |  1.0
Stealth        | |  1.1
Evocations     | |  1.0

Action                   || total
-------------------------++-------
Melee: Spear             ||   131
 Stab: Sleeping          ||     2
Armor: Robe              ||    22
       Chain mail        ||    21
Dodge: Dodged            ||    72
